 Dungeon Crawl Stone Soup version 0.31-a0-431-g88bdf31460 (webtiles) character file.

Game seed: 5474630422967559098

2164 zero the Grappler (level 9, 0/84 HPs)
             Began as a Troll Shapeshifter on July 31, 2023.
             Slain by a vampire mosquito (9 damage)
             ... on level 7 of the Dungeon.
             The game lasted 00:03:38 (4654 turns).

zero the Grappler (Troll Shapeshifter)              Turns: 4654, Time: 00:03:39

Health: 0/84       AC:  5    Str: 29    XL:     9   Next: 10%
Magic:  0/17       EV:  9    Int:  4    God:
Gold:   473        SH:  0    Dex: 10    Spells: 8/8 levels left

rFire   + .          .
                       - Unarmed
rCold   + . .        (no shield)
rNeg    . . .        A - +1 robe {rC+ rF+}
rPois   .            (helmet currently unavailable)
rElec   .            q - melded +0 cloak
rCorr   .            (gloves unavailable)
SInv    .            (boots unavailable)
Will    .....        i - amulet of guardian spirit
Stlth   +            B - ring of magical power
HPRegen 1.14/turn    (no ring)
MPRegen 0.15/turn

%: guardian spirit
@: beast-form
A: beast (slay +2), large, unfitting armour, claws 3, regeneration 1, shaggy fur
1, tough skin 1
a: Begin Untransformation


You were on level 7 of the Dungeon.
You were a hulking beast.
You visited 2 branches of the dungeon, and saw 9 of its levels.

You collected 473 gold pieces.

Inventory:

Missiles
 y - 5 silver javelins
Armour
 q - a +0 cloak (melded)
 A - a +1 robe of resistance (worn)
 E - +0 acid dragon scales
Jewellery
 d - a ring of ice
 i - an amulet of guardian spirit (around neck)
 B - a ring of magical power (left claw)
Talismans
 c - a beast talisman (active)
Wands
 x - a wand of charming (5)
 z - a wand of flame (75)
Scrolls
 a - a scroll of vulnerability {unknown}
 f - 9 scrolls of identify {unknown}
 g - a scroll of noise {unknown}
 l - 3 scrolls of enchant weapon {unknown}
 n - 3 scrolls of amnesia {unknown}
 r - 2 scrolls of revelation {unknown}
 s - 5 scrolls of teleportation {unknown}
 t - 3 scrolls of immolation {unknown}
 v - a scroll of enchant armour {unknown}
 C - 2 scrolls of fear {unknown}
Potions
 b - a potion of lignification
 e - 3 potions of haste {unknown}
 h - a potion of invisibility {unknown}
 j - a potion of cancellation {unknown}
 k - 4 potions of curing
 m - 5 potions of might {unknown}
 o - 3 potions of ambrosia {unknown}
 p - a potion of attraction {unknown}
 u - 2 potions of enlightenment {unknown}
 w - 2 potions of heal wounds {unknown}
 D - 2 potions of mutation {unknown}
 F - a potion of berserk rage {unknown}


   Skills:
 * Level 3.7 Fighting
 - Level 1.5 Dodging
 - Level 11.0 Unarmed Combat
 + Level 4.2 Shapeshifting


You had 8 spell levels left.
You didn't know any spells.
Your spell library contained the following spells:

 Spells                   Type           Power      Damage    Failure   Level
 Kiss of Death            Conj/Necr      0%         2d5       50%         1
 Shock                    Conj/Air       0%         1d3       50%         1
 Poisonous Vapours        Pois/Air       0%         N/A       65%         2
 Confusing Touch          Hex            0%         N/A       86%         3
 Mephitic Cloud           Conj/Pois/Air  0%         N/A       86%         3
 Swiftness                Air            0%         N/A       86%         3
 Airstrike                Air            0%         2d(0-16)  99%         4
 Anguish                  Hex/Necr       0%         N/A       99%         4
 Cause Fear               Hex            0%         N/A       99%         4
 Dispel Undead            Necr           0%         3d6       99%         4
 Freezing Cloud           Conj/Ice/Air   0%         6-21      100%        5
 Enfeeble                 Hex            0%         N/A       100%        7


Dungeon Overview and Level Annotations

Branches:
Dungeon (8/15)             Temple (1/1) D:4
   Lair: D:8-11

Altars:
Ashenzari
Cheibriados
Dithmenos
Elyvilon
Fedhas
Gozag
Hepliaklqana
Makhleb
Nemelex Xobeh
Okawaru
Qazlal
Ru
Sif Muna
Trog
Uskayaw
Vehumet
Wu Jian
Xom
Yredelemnul
Zin
The Shining One

Shops:
D:6 (


Innate Abilities, Weirdness & Mutations

You are a hulking beast.
Your limbs bulge with bestial killing power. (Slay +2)
You are too large for most types of armour.
You have claws for hands.
Your natural rate of healing is unusually fast.
You are covered in fur. (AC +1)
You have tough skin. (AC +1)


Message History

There is a stone staircase leading down here.
You scratch the vampire mosquito.
The vampire mosquito is moderately damaged.
The vampire mosquito bites you!
The vampire mosquito draws strength from your injuries!
The vampire mosquito bites you.
The vampire mosquito draws strength from your injuries!
You barely miss the vampire mosquito. The vampire mosquito bites you.
The vampire mosquito draws strength from your injuries!
The vampire mosquito bites you.
The vampire mosquito draws strength from your injuries!
You miss the vampire mosquito. The vampire mosquito bites you.
The vampire mosquito draws strength from your injuries!
The vampire mosquito bites you!
The vampire mosquito draws strength from your injuries!
The vampire mosquito bites you but does no damage.
The vampire mosquito bites you!
* * * LOW HITPOINT WARNING * * *
The vampire mosquito draws strength from your injuries!
You mangle the vampire mosquito!!
The vampire mosquito is almost destroyed.
The vampire mosquito barely misses you. The vampire mosquito bites you!
* * * LOW HITPOINT WARNING * * *
The vampire mosquito draws strength from your injuries!
You miss the vampire mosquito.
The vampire mosquito is severely damaged.
The vampire mosquito bites you!
* * * LOW HITPOINT WARNING * * *
The vampire mosquito draws strength from your injuries!
The vampire mosquito barely misses you. x3
It was a potion of curing.
You feel better.
The vampire mosquito closely misses you.
The vampire mosquito bites you.
* * * LOW HITPOINT WARNING * * *
The vampire mosquito draws strength from your injuries!
The vampire mosquito bites you!
* * * LOW HITPOINT WARNING * * *
The vampire mosquito draws strength from your injuries!
The vampire mosquito bites you!
You die...

#.# #..# #.## #.# #..#
#.## #<# #..# ####.##
#.#######..#######....##
#....................##
##.###.##....#####...#
#.# #.##...^..# #######
#.# #y###<..#.# #....)
#.# #h# #...#.# ##.####
#.# #y###...#.###...###
#.# #y............#....
#.# #####...#.###...###
#.#######...#.####.##
#..................####
#############..........
###.####### #.#


You could see 3 vampire mosquitoes.

Vanquished Creatures
  Maggie (D:7)
  A vampire mosquito (D:7)
  Duvessa (D:5)
  A water moccasin (D:7)
  2 black bears
  A sky beast (D:7)
  An ice beast (D:6)
  An ogre (D:7)
  4 centaurs
  A bullfrog (D:7)
  2 scorpions (D:5)
  Dowan (D:5)
  A howler monkey (D:6)
  2 jellies
  3 orc priests
  A hound (D:6)
  Jessica (D:2)
  5 iguanas
  An orc wizard (D:6)
  4 gnolls
  5 adders
  2 white imps (D:6)
  An ufetubus (D:6)
  A worm (D:4)
  2 dart slugs
  14 orcs
  2 bats (D:2)
  2 giant cockroaches (D:2)
  4 goblins
  5 hobgoblins
  5 jackals
  2 quokkas
  4 ball pythons
  A frilled lizard (D:1)
  13 kobolds
  A rat (D:2)
99 creatures vanquished.

Vanquished Creatures (others)
  An iguana (D:6)
1 creature vanquished.

Grand Total: 100 creatures vanquished

Notes
Turn   | Place    | Note
-------+----------+-------------------------------------------
     0 | D:1      | zero the Troll Shapeshifter began the quest for the Orb.
     0 | D:1      | Reached XP level 1. HP: 18/18 MP: 0/0
   207 | D:1      | Reached XP level 2. HP: 25/26 MP: 1/1
   514 | D:2      | Reached skill level 4 in Unarmed Combat
   569 | D:2      | Reached XP level 3. HP: 32/32 MP: 2/2
   664 | D:2      | Noticed Jessica
   674 | D:2      | Killed Jessica
   717 | D:2      | Reached XP level 4. HP: 38/40 MP: 1/3
   777 | D:2      | Reached skill level 5 in Unarmed Combat
  1497 | D:3      | Found a shimmering blue altar of Sif Muna.
  1497 | D:3      | Found a shadowy altar of Dithmenos.
  1562 | D:4      | Found a staircase to the Ecumenical Temple.
  1572 | D:4      | Reached XP level 5. HP: 37/46 MP: 2/4
  1614 | Temple   | Entered the Ecumenical Temple
  1732 | D:4      | Reached skill level 6 in Unarmed Combat
  2092 | D:5      | Entered Level 5 of the Dungeon
  2103 | D:4      | Reached XP level 6. HP: 23/54 MP: 1/5
  2176 | D:6      | Reached skill level 7 in Unarmed Combat
  2532 | D:5      | Noticed Duvessa
  2532 | D:5      | Noticed Dowan
  2540 | D:5      | Killed Dowan
  2541 | D:5      | Reached skill level 8 in Unarmed Combat
  2545 | D:5      | Killed Duvessa
  2546 | D:5      | Reached XP level 7. HP: 26/61 MP: 3/6
  3056 | D:6      | Found Pixton's Weapon Boutique.
  3063 | D:6      | Reached skill level 9 in Unarmed Combat
  3462 | D:6      | Reached XP level 8. HP: 63/68 MP: 7/7
  3574 | D:6      | Reached skill level 10 in Unarmed Combat
  3597 | D:6      | Found a hide-covered altar of Uskayaw.
  4078 | D:7      | Reached skill level 1 in Fighting
  4112 | D:7      | Reached skill level 11 in Unarmed Combat
  4220 | D:7      | Noticed Maggie
  4228 | D:7      | Killed Maggie
  4440 | D:7      | Reached XP level 9. HP: 82/83 MP: 8/8
  4654 | D:7      | Slain by a vampire mosquito

Illustrated notes

Levels and vault maps discovered:
D:1:      heliophobic_arrival_glass_houses, layout_rooms, st_stairs_4
D:2:      wander_river, layout_basic, serial_rivers,
          chequers_serial_rivers_micro_b, chequers_serial_rivers_micro_c,
          chequers_serial_rivers_micro_c, chequers_serial_rivers_room_b,
          chequers_serial_rivers_small_a, chequers_serial_rivers_large_a,
          minmay_misc_feat_x, minmay_pentomino_u4, uniq_jessica
D:3:      layout_rooms, gammafunk_temple_overflow_wave, serial_bayou_pond_a
D:4:      layout_rooms, minmay_temple_entry_trees, minmay_misc_feat_diagonals
D:5:      layout_basic, reono_crystal_passage, uniq_duvessa
D:6:      layout_basic, mainiacjoe_overflow_chevrons, serial_shops,
          nicolae_shop_peninsula, kennysheep_small_square
D:7:      layout_loops_ring, uniq_maggie
D:8:      layout_cave_pools, serial_ice, serial_ice_g, serial_ice_m,
          serial_ice_c, serial_ice_k, serial_ice_f, serial_ice_d,
          enter_ossuary_3, grunt_decor_resistance, minmay_misc_feat_tower
Temple:   mainiacjoe_temple_bowtie_tessellation

Skill      XL: |  1  2  3  4  5  6  7  8 |
---------------+-------------------------+-----
Unarmed Combat | 4 5 6 8 9 11 | 11.0
Fighting       | 3 |  3.7
Shapeshifting  | 4 |  4.2
Dodging        | |  1.5

Action                     |  1- 3 |  4- 6 |  7- 9 || total
---------------------------+-------+-------+-------++-------
  Melee: Unarmed           |    48 |   103 |    78 ||   229
         Punch             |     1 |     6 |     4 ||    11
    Use: Potion            |       |       |     1 ||     1
 Armour: Animal skin       |    11 |    21 |       ||    32
         Robe              |       |       |    26 ||    26
  Dodge: Dodged            |    15 |    51 |    42 ||   108
         Form:             |       |     1 |     1 ||     2
         Beast             |       |     1 |     1 ||     2

Table legend: (Time is in decaauts)
 A = Elapsed time spent in this place.
 B = Non-inter-level travel time spent in this place.
 C = Inter-level travel time spent in this place.
 D = Time resting spent in this place.
 E = Time spent auto-exploring this place.
 F = Levels seen in this place.
 G = Mean time per level.
                   A        B        C        D        E       F      G
               +--------+--------+--------+--------+--------+-----+--------+
         Total |   4624 |   4426 |    198 |    304 |   3512 |   9 |  513.8 |
       Dungeon |   4622 |   4425 |    197 |    304 |   3512 |   8 |  577.8 |
        Temple |      1 |      0 |      1 |      0 |      0 |   1 |    1.0 |
               +--------+--------+--------+--------+--------+-----+--------+

Top non-repeatable levels by time:
     D:5: 884 daAuts
     D:6: 857 daAuts
     D:2: 829 daAuts
     D:7: 752 daAuts
     D:4: 569 daAuts
     D:1: 408 daAuts
     D:3: 316 daAuts
     D:8: 4 daAuts
  Temple: 1 daAuts
